 Dungeon Crawl Stone Soup version 0.20-a0-1056-g7622305 (webtiles) character file.

44 M4edhros the Sneak (level 3, 0/23 HPs)
             Began as an Octopode Artificer on Apr 26, 2017.
             Slain by an adder (1 damage)
             ... on level 2 of the Dungeon.
             The game lasted 00:02:04 (668 turns).

M4edhros the Sneak (Octopode Artificer)              Turns: 668, Time: 00:02:05

Health: 0/23       AC:  1    Str: 11    XL:     3   Next: 60%
Magic:  5/5        EV: 14    Int: 13    God:
Gold:   24         SH:  3    Dex: 13    Spells: 2/2 levels left

rFire    . . .     SeeInvis .   a - +0 short sword
rCold    . . .     Gourm    .   i - +0 buckler
rNeg     . . .     Faith    .   (helmet restricted)
rPois    .         Spirit   .   (no amulet)
rElec    .         Reflect  .   r - ring of protection from magic
rCorr    .         Harm     .   (no ring)
MR       +....                  (no ring)
Stlth    ++++......             (no ring)
Regen    0.1/turn               (no ring)
MPRegen  0.1/turn               (no ring)
                                (no ring)
                                (no ring)

@: lethally poisoned (0 -> -4)
A: almost no armour, stealthy swim, amphibious, 8 rings, constrict 8, repulsion
field 1, camouflage 1, wild magic 1, gelatinous body 1
a: no special abilities


You were on level 2 of the Dungeon.
You were not hungry.

You visited 1 branch of the dungeon, and saw 2 of its levels.

You collected 24 gold pieces.

Inventory:

Hand Weapons
 a - a +0 short sword (weapon)
Armour
 i - a +0 buckler (worn)
 s - a +0 shield
Jewellery
 r - a ring of protection from magic (left tentacle)
Wands
 b - a wand of flame (15/48)
 c - a wand of enslavement (9/24)
 d - a wand of random effects (15/48)
Scrolls
 e - a scroll of blinking {unknown}
 g - a scroll of fear {unknown}
 j - 3 scrolls of identify {unknown}
 k - a scroll of amnesia {unknown}
 l - a scroll of enchant weapon {unknown}
 m - a scroll of magic mapping {unknown}
 o - a scroll of fog {unknown}
 p - a scroll of immolation {unknown}
Comestibles
 f - a bread ration
 h - a meat ration


   Skills:
 - Level 1.0 Fighting
 - Level 1.0 Short Blades
 - Level 2.0 Dodging
 + Level 4.9 Stealth
 - Level 3.2 Evocations


You had 2 spell levels left.
You didn't know any spells.

Dungeon Overview and Level Annotations

Branches:
Dungeon (1/15)

Altars:


Innate Abilities, Weirdness & Mutations

You cannot wear most types of armour.
You are very stealthy in the water. (Stealth+)
You are amphibious.
You can wear up to eight rings at the same time.
You can use your tentacles to constrict eight enemies at once.
Your skin changes colour to match your surroundings (Stealth+).
Your rubbery body absorbs attacks. (AC +1, EV +1)
You are surrounded by a mild repulsion field. (EV +2)
Your spells are a little harder to cast, but a little more powerful.


Message History

g - Guard the area. f - Follow me.
Anything else - Cancel.
Guard this area!
Your gnoll hits the frilled lizard!
The frilled lizard dies!
The adder bites you.
* * * LOW HITPOINT WARNING * * *
You are lethally poisoned!
The adder poisons you!
* * * LOW HITPOINT WARNING * * *
You feel sick.
You aren't carrying any potions.
You closely miss the adder. You grab the adder. You constrict the adder.
The adder misses you.
Your gnoll hits the adder. The adder barely misses you.
Unknown command.
You barely miss the adder.
The adder is heavily wounded.
You constrict the adder.
* * * LOW HITPOINT WARNING * * *
You feel sick.
The gnoll is no longer charmed.
The adder bites you.
You die...

.......#......# .......#......#
.......#......##
................
#...............
#........###.... #......#.#
#.### #........ #.##.....###.#
#........
#.##...†.@.#.#####........
........S...............
####.....g.#............ ....
.....[...g.#..........# ......
###.....g##..........# ..#...
#................g.#### ......
#.....#....##...##.....
......####.....#..g.##...##.....
.........#.....#..†.##...##g)...


You could see a gnoll, an adder and 2 friendly gnolls.

Vanquished Creatures
  An adder (D:2)
  2 dart slugs (D:1)
  A leopard gecko (D:2)
  4 bats (D:1)
  A giant cockroach (D:1)
  2 goblins (D:1)
  A hobgoblin (D:1)
  A quokka (D:2)
  4 frilled lizards
  A kobold (D:1)
  5 rats
23 creatures vanquished.

Vanquished Creatures (collateral kills)
  A gnoll (D:2)
  A bat (D:2)
  A kobold (D:2)
  2 frilled lizards (D:2)
5 creatures vanquished.

Vanquished Creatures (others)
  A gnoll (D:2)
1 creature vanquished.

Grand Total: 29 creatures vanquished

Notes
Turn   | Place    | Note
-------+----------+-------------------------------------------
     0 | D:1      | M4edhros the Octopode Artificer began the quest for the Orb.
     0 | D:1      | Reached XP level 1. HP: 13/13 MP: 3/3
    25 | D:1      | Reached skill level 2 in Stealth
   148 | D:1      | Reached XP level 2. HP: 18/18 MP: 4/4
   193 | D:1      | Reached skill level 3 in Stealth
   447 | D:1      | You fall through a shaft!
   460 | D:2      | Reached skill level 4 in Stealth
   499 | D:2      | Reached XP level 3. HP: 23/23 MP: 5/5
   638 | D:2      | Gained mutation: Your spells are a little harder to cast, but a little more powerful. [potion of mutation]
   638 | D:2      | Gained mutation: You are surrounded by a mild repulsion field. (EV +2) [potion of mutation]
   668 | D:2      | HP: 1/23 [poisoned by an adder]
   668 | D:2      | Slain by an adder

Vault maps used:
D:1:      nicolae_arrival_washed_ashore, hangedman_decor_lopped

Skill      XL: |  1  2 |
---------------+-------+-----
Stealth        | 2 4 |  4.9
Fighting       | |  1.0
Short Blades   | |  1.0
Dodging        | |  2.0
Evocations     | |  3.2

Action                   || total
-------------------------++-------
Melee: Short sword       ||    38
       Tentacles         ||     8
       Constrict         ||     9
Evoke: Wand              ||     6
  Use: Potion            ||     2
 Stab: Sleeping          ||    11
Armor: Skin              ||     3
Dodge: Dodged            ||    30
Block: Buckler           ||     4
